 Dungeon Crawl Stone Soup version 0.32-a0-314-g526f7d4993 (webtiles) character file.

Game seed: 2300617134980118754

188 timneilson the Ruffian (level 5, -7/35 HPs)
             Began as an Octopode Shapeshifter on Feb 15, 2024.
             Mangled by Eustachio
             ... wielding a +0 rapier
              (11 damage)
             ... on level 4 of the Dungeon.
             The game lasted 00:05:58 (2830 turns).

timneilson the Ruffian (Octopode Shapeshifter)      Turns: 2830, Time: 00:05:58

Health: -7/35      AC:  1    Str: 15    XL:     5   Next: 67%
Magic:  5/5        EV: 13    Int: 12    God:
Gold:   89         SH:  0    Dex: 12    Spells: 4/4 levels left

rFire   . .          .
                       - Unarmed
rCold   . . .        (no shield)
rNeg    . . .        (helmet currently unavailable)
rPois   .            (no amulet)
rElec   .            (no ring)
rCorr   .            (no ring)
SInv    .            (no ring)
Will    .....        (no ring)
Stlth   +++          (no ring)
HPRegen 0.25/turn    (no ring)
MPRegen 0.09/turn    (no ring)
                     (no ring)

%: no passive effects
@: beast-form
A: beast (slay +2), almost no armour, amphibious, 8 rings, camouflage 1,
gelatinous body 1, (nimble swimmer 1), tentacles
a: Begin Untransformation


You were on level 4 of the Dungeon.
You were a hulking beast.
You visited 1 branch of the dungeon, and saw 4 of its levels.

You collected 89 gold pieces.

Inventory:

Missiles
 d - 5 poisoned darts (quivered)
 k - a throwing net
Talismans
 b - a beast talisman (active)
 c - a flux talisman
Wands
 h - a wand of flame (6)
Scrolls
 e - 2 scrolls of summoning
 g - 2 scrolls of fear
 i - a scroll of identify
 j - a scroll of enchant armour
 l - a scroll of blinking
Potions
 a - a potion of lignification
 f - a potion of haste
 m - a potion of ambrosia {unknown}
 n - a potion of attraction {unknown}


   Skills:
 * Level 2.6 Fighting
 * Level 3.1 Dodging
 + Level 2.0 Stealth
 * Level 3.9 Unarmed Combat
 + Level 0.8 Evocations
 * Level 3.6 Shapeshifting


You had 4 spell levels left.
You didn't know any spells.
Your spell library contained the following spells:

 Spells                   Type           Power      Damage    Failure   Level
 Apportation              Tloc           0%         N/A       32%         1
 Necrotise                Necr           0%         1d4       32%         1
 Sting                    Conj/Alch      0%         1d3       32%         1
 Summon Small Mammal      Summ           0%         N/A       32%         1
 Ozocubu's Armour         Ice            0%         N/A       69%         3
 Metabolic Englaciation   Hex/Ice        0%         N/A       100%        5
 Sculpt Simulacrum        Ice/Alch       0%         N/A       100%        6


Dungeon Overview and Level Annotations

Branches:
Dungeon (4/15)
 Temple: D:4-7

Altars:
Vehumet

Shops:
D:1 :   D:4 :

Annotations:
D:4 Eustachio


Innate Abilities, Weirdness & Mutations

You are a hulking beast.
Your limbs bulge with bestial killing power. (Slay +2)
You cannot wear most types of armour.
You are amphibious.
You can wear up to eight rings at the same time.
Your skin changes colour to match your surroundings (Stealth+).
Your rubbery body absorbs attacks. (AC +1, EV +1)
((You are camouflaged when in or above water. (Stealth+)))
You have tentacles for arms and can constrict up to eight enemies at once.


Message History

The goblin shouts!
You hear a shout!
The jackal barks!
Eustachio the Magnificent comes into view.
He is wielding a +0 rapier.
The goblin unwields a +0 dagger.
The goblin wields a +0 sling.
The goblin shoots a sling bullet.
The sling bullet hits you.
A jackal comes into view.
Found 5 stones.
The jackal bites you but does no damage.
The jackal bites you.
You closely miss Eustachio. Your grab misses Eustachio.
Eustachio hits you with a +0 rapier.
Unknown command.
You tentacle-slap Eustachio. Your grab misses Eustachio. You squeeze Eustachio!
Eustachio is moderately wounded.
The jackal barely misses you. The jackal bites you.
Unknown command.
You miss Eustachio. You grab Eustachio.
Eustachio is moderately wounded.
You constrict Eustachio. Eustachio hits you with a +0 rapier.
The jackal stops to sniff the ground.
The jackal closely misses you. The jackal bites you.
Unknown command.
You tentacle-slap Eustachio.
Eustachio is moderately wounded.
You constrict Eustachio. The jackal bites you. x2
Eustachio hits you with a +0 rapier!
* * * LOW HITPOINT WARNING * * *
The jackal barely misses you. The jackal bites you.
* * * LOW HITPOINT WARNING * * *
You tentacle-slap Eustachio.
Eustachio is heavily wounded.
You constrict Eustachio, but do no damage.
Eustachio closely misses you. The jackal closely misses you.
The jackal bites you but does no damage.
Unknown command.
You tentacle-slap Eustachio but do no damage.
Eustachio is heavily wounded.
You constrict Eustachio, but do no damage.
The jackal barely misses you. Eustachio hits you with a +0 rapier!
You die...
Eustachio says, "Such is the fate of all honourless rascals."

##≈≈.≈≈##. #≈≈≈.≈≈≈#
###≈≈≈.≈≈≈#
#.'...∩...+ #
##.#≈≈≈.≈≈≈# .#
♣..##..#≈≈≈.≈≈≈# ..#
♣.....##≈≈.≈≈##...##
♣#####.###+###.....#
♣...........hhg....#
♣#####......h@###..#
##.....#.# ##...##.#
....## .. #.#### #.#
#. (# # .#


You could see Eustachio, 2 jackals and a goblin.

Vanquished Creatures
  Robin (D:2)
  4 adders
  2 ribbon worms
  2 dart slugs (D:4)
  An orc (D:3)
  7 ball pythons
  6 endoplasms
  4 giant cockroaches
  7 goblins (D:2)
  10 hobgoblins
  4 jackals (D:3)
  3 quokkas
  10 bats
  6 frilled lizards
  6 kobolds
  3 rats
76 creatures vanquished.

Notes
Turn   | Place    | Note
-------+----------+-------------------------------------------
     0 | D:1      | timneilson the Octopode Shapeshifter began the quest for
                  | the Orb.
     0 | D:1      | Reached XP level 1. HP: 13/13 MP: 1/1
   265 | D:1      | Reached XP level 2. HP: 18/18 MP: 2/2
   510 | D:1      | Reached skill level 1 in Stealth
   537 | D:1      | Found Baamiet's Book Emporium.
   587 | D:1      | Reached XP level 3. HP: 23/23 MP: 3/3
  1078 | D:2      | Found a faded altar of an unknown god.
  1264 | D:2      | Reached XP level 4. HP: 23/29 MP: 4/4
  1844 | D:3      | Noticed Robin
  1985 | D:2      | Killed Robin
  1986 | D:2      | Reached XP level 5. HP: 11/34 MP: 5/5
  2377 | D:3      | Found a radiant altar of Vehumet.
  2607 | D:4      | Found Berif's Book Boutique.
  2822 | D:4      | Noticed Eustachio
  2830 | D:4      | Mangled by Eustachio

Illustrated notes

Levels and vault maps discovered:
D:1:      dpeg_arrival_more_subterranean_lakeside_camping, layout_loops_corners,
          serial_shops, nicolae_shop_tiny_waterfront
D:2:      layout_basic, serial_corexii_hall, corexii_hall_statues_t,
          corexii_hall_statues_l, shapermc_ecumenical_altar_gd
D:3:      layout_basic, mainiacjoe_overflow_surrounded_room, item_on_display_a,
          uniq_robin
D:4:      layout_loops_ring, mainiacjoe_overflow_paths, serial_shops,
          nicolae_shop_tiny_real_fake_doors, kennysheep_flooded_box,
          uniq_eustachio

Skill      XL: |  1  2  3  4  5 |
---------------+----------------+-----
Stealth        | 1 2 |  2.0
Fighting       | 2 |  2.6
Dodging        | 3 |  3.1
Unarmed Combat | |  3.9
Evocations     | |  0.8
Shapeshifting  | |  3.6

Action                     |  1- 3 |  4- 6 || total
---------------------------+-------+-------++-------
  Melee: Unarmed           |    55 |    75 ||   130
         Constrict         |    12 |    21 ||    33
         Tentacles         |    11 |    15 ||    26
         Punch             |     1 |     1 ||     2
    Use: Scroll            |     5 |     6 ||    11
   Stab: Sleeping          |    13 |     8 ||    21
         Distracted        |     1 |       ||     1
 Armour: Skin              |    20 |    41 ||    61
  Dodge: Dodged            |    27 |    53 ||    80

Table legend: (Time is in decaauts)
 A = Elapsed time spent in this place.
 B = Non-inter-level travel time spent in this place.
 C = Inter-level travel time spent in this place.
 D = Time resting spent in this place.
 E = Time spent auto-exploring this place.
 F = Levels seen in this place.
 G = Mean time per level.
                   A        B        C        D        E       F      G
               +--------+--------+--------+--------+--------+-----+--------+
         Total |   2824 |   2790 |     34 |    315 |   1946 |   4 |  706.0 |
       Dungeon |   2824 |   2790 |     34 |    315 |   1946 |   4 |  706.0 |
               +--------+--------+--------+--------+--------+-----+--------+

Top non-repeatable levels by time:
     D:2: 1228 daAuts
     D:1: 839 daAuts
     D:3: 517 daAuts
     D:4: 239 daAuts
